 Dungeon Crawl Stone Soup version 0.28.0-45-g0d030f2227 (webtiles) character file.

Game seed: 2120520355845642023

2 DuloT34 the Charlatan (level 1, -1/13 HPs)
             Began as a Human Wanderer on May 20, 2022.
             Slain by a hobgoblin (5 damage)
             ... on level 1 of the Dungeon.
             The game lasted 00:00:40 (35 turns).

DuloT34 the Charlatan (Human Wanderer)                Turns: 35, Time: 00:00:41

Health: -1/13      AC:  2    Str:  9    XL:     1   Next: 33%
Magic:  2/2        EV: 11    Int: 16    God:
Gold:   0          SH:  0    Dex: 11    Spells: 2/2 levels left

rFire   . . .      SeeInvis .   a - +0 dagger
rCold   . . .      Faith    .   (no shield)
rNeg    . . .      Spirit   .   b - +0 robe
rPois   .          Reflect  .   (no helmet)
rElec   .          Harm     .   (no cloak)
rCorr   .          Rampage  .   (no gloves)
Will    .....                   (no boots)
Stlth   +.........              (no amulet)
HPRegen 0.04/turn               (no ring)
MPRegen 0.08/turn               (no ring)

@: no status effects
A: no striking features
a: no special abilities


You were on level 1 of the Dungeon.
You visited 1 branch of the dungeon, and saw 1 of its levels.

Inventory:

Hand Weapons
 a - a +0 dagger (weapon)
Armour
 b - a +0 robe (worn)
Wands
 c - a wand of polymorph (5) (quivered)


   Skills:
 - Level 1.0 Dodging
 + Level 1.1 Spellcasting
 - Level 3.0 Transmutations
 + Level 2.1 Poison Magic
 - Level 3.0 Evocations


You had 2 spell levels left.
You didn't know any spells.
Your spell library contained the following spells:

 Spells                   Type           Power      Damage    Failure   Level
 Sting                    Tmut/Pois      36%        1d4       8%          1
 Wereblood                Tmut           10%        N/A       10%         2
 Spider Form              Tmut/Pois      9%         N/A       24%         3
 Petrify                  Tmut/Erth      5%         N/A       77%         4


Dungeon Overview and Level Annotations

Branches:
Dungeon (1/15)

Altars:


Message History

You hit the hobgoblin but do no damage.
A hobgoblin comes into view.
The hobgoblin closely misses you.
You closely miss the hobgoblin. The hobgoblin misses you.
The hobgoblin shouts!
There is an open door here.
There are no items here.
You hit the kobold but do no damage. The kobold hits you but does no damage.
You closely miss the kobold. Your punch misses the kobold.
The kobold closely misses you.
You miss the kobold.
The kobold hits you with a +0 short sword.
You don't know any spells.
You hit the kobold.
The kobold is moderately wounded.
The kobold hits you with a +0 short sword.
You hit the kobold but do no damage.
The kobold is moderately wounded.
The kobold hits you with a +0 short sword.
You hit the kobold.
The kobold is heavily wounded.
The kobold barely misses you.
You hit the kobold.
You kill the kobold!
You hit the ball python. Your punch misses the ball python.
The ball python is severely wounded.
The ball python closely misses you. The ball python grabs you.
The ball python constricts you. The ball python bites you.
The ball python constricts you.
You hit the ball python.
You kill the ball python!
The hobgoblin hits you.
* * * LOW HITPOINT WARNING * * *
You hit the hobgoblin but do no damage. The hobgoblin completely misses you.
It was a potion of curing.
You feel better. The hobgoblin closely misses you.
You barely miss the hobgoblin. The hobgoblin hits you.
You barely miss the hobgoblin. The hobgoblin hits you.
You hit the hobgoblin but do no damage. The hobgoblin closely misses you.
You barely miss the hobgoblin. The hobgoblin hits you.
You die...

.!...###..
.......
......
#...# +...#
#.##...#
#......#
..#####.#
#>.@gg#
##.##.#
#.#....
#.#......
#<#.#.....[
###. .#....
#. .#....
#. .# ...


You could see 2 hobgoblins.

Vanquished Creatures
  A kobold (D:1)
  A ball python (D:1)
2 creatures vanquished.

Notes
Turn   | Place    | Note
-------+----------+-------------------------------------------
     0 | D:1      | DuloT34 the Human Wanderer began the quest for the Orb.
     0 | D:1      | DuloT34 set off with the following items: a +0 dagger, a +0
                  | robe, a wand of polymorph (5); and the following spells
                  | available to memorise: Sting, Wereblood, Spider Form,
                  | Petrify
     0 | D:1      | Reached XP level 1. HP: 13/13 MP: 2/2
    35 | D:1      | Slain by a hobgoblin

Illustrated notes

Levels and vault maps discovered:
D:1:      amcnicky_arrival_choice, layout_basic,
          shapermc_ecumenical_altar_flowoftime, minmay_tromino_v4_b

Action                   || total
-------------------------++-------
Melee: Dagger            ||    17
  Use: Potion            ||     1
Armor: Robe              ||     2
Dodge: Dodged            ||     8
